XFBL
BOSTON RED SOX @ TEXAS RANGERS
05/07/1982
 
TOP OF THE 1ST
Boston Red Sox batting - Pitching for Texas Rangers : RHP Pascual Perez
Pitching: RHP Pascual Perez
Batting: LHB Claudell Washington 0-0: Fly out, F4 (Flyball, 34D, EV 86.3 MPH)
Batting: LHB Willie Aikens 0-0: Ball
1-0: Called Strike
1-1: Swinging Strike
1-2: Ball
2-2: Foul Ball, location: 2F
2-2: Fly out, F3 (Flyball, 3D, EV 86.3 MPH)
Batting: RHB Jeff Burroughs 0-0: Ball
1-0: Called Strike
1-1: Ball
2-1: Ball
3-1: Swinging Strike
3-2: Fly out, F9 (Flyball, 9S, EV 77.5 MPH)
Top of the 1st over - 0 runs, 0 hits, 0 errors, 0 left on base; Boston 0 - Texas 0
BOTTOM OF THE 1ST
Texas Rangers batting - Pitching for Boston Red Sox : RHP Dick Ruthven
Pitching: RHP Dick Ruthven
Batting: SHB Ron Roenicke 0-0: Fly out, F8 (Flyball, 8LM, EV 79.4 MPH)
Batting: RHB Juan Rodriguez 0-0: Ball
1-0: Ball
2-0: Fly out, F9 (Line Drive, 9, EV 110.0 MPH)
Batting: LHB Jody Helser 0-0: Ball
1-0: Ball
2-0: Ball
3-0: Called Strike
3-1: Foul Ball, location: 2F
3-2: Foul Ball, location: 2F
3-2: Fly out, F8 (Line Drive, 8LD, EV 93.1 MPH)
Bottom of the 1st over - 0 runs, 0 hits, 0 errors, 0 left on base; Boston 0 - Texas 0
TOP OF THE 2ND
Boston Red Sox batting - Pitching for Texas Rangers : RHP Pascual Perez
Batting: LHB George Brett 0-0: Ball
1-0: Called Strike
1-1: Swinging Strike
1-2: Ball
2-2: Foul Ball, location: 2F
2-2: Foul Ball, location: 2F
2-2: Ball
3-2: Strikes out swinging
Batting: SHB Reggie Smith 0-0: Ball
1-0: Called Strike
1-1: Ball
2-1: Called Strike
2-2: Foul Ball, location: 2F
2-2: Foul Ball, location: 2F
2-2: Strikes out looking
Batting: RHB Richie Zisk 0-0: Ball
1-0: Ball
2-0: Ball
3-0: Ground out 4-3 (Groundball, 4, EV 85.0 MPH)
Top of the 2nd over - 0 runs, 0 hits, 0 errors, 0 left on base; Boston 0 - Texas 0
BOTTOM OF THE 2ND
Texas Rangers batting - Pitching for Boston Red Sox : RHP Dick Ruthven
Batting: RHB Steve Garvey 0-0: Ball
1-0: Ball
2-0: Called Strike
2-1: Ball
3-1: Called Strike
3-2: Base on Balls
Batting: RHB Steve Balboni 0-0: Ball
1-0: Ball
2-0: Fly out, F7 (Flyball, 7, EV 89.4 MPH)
Batting: RHB Rich Dauer 0-0: Foul Ball, location: 2F
0-1: Grounds into double play, 5-4-3 (Groundball, 5S, EV 83.1 MPH)
Bottom of the 2nd over - 0 runs, 0 hits, 0 errors, 0 left on base; Boston 0 - Texas 0
TOP OF THE 3RD
Boston Red Sox batting - Pitching for Texas Rangers : RHP Pascual Perez
Batting: SHB Scotti Madison 0-0: Swinging Strike
0-1: Ball
1-1: Foul Ball, location: 2F
1-2: Foul Ball, location: 2F
1-2: Fly out, F8 (Flyball, 8LM, EV 86.3 MPH)
Batting: RHB Mark Grady 0-0: Called Strike
0-1: Ball
1-1: Ball
2-1: Foul Ball, location: 2F
2-2: Fly out, F8 (Line Drive, 8RM, EV 97.5 MPH)
Batting: RHB Kevin Klettke 0-0: Ball
1-0: Ball
2-0: Ball
3-0: Called Strike
3-1: Fly out, F9 (Line Drive, 9, EV 95.0 MPH)
Top of the 3rd over - 0 runs, 0 hits, 0 errors, 0 left on base; Boston 0 - Texas 0
BOTTOM OF THE 3RD
Texas Rangers batting - Pitching for Boston Red Sox : RHP Dick Ruthven
Batting: RHB George A Bell 0-0: Swinging Strike
0-1: Swinging Strike
0-2: SINGLE (Groundball, 34D, EV 96.9 MPH)
Batting: LHB Ernie Whitt 0-0: Ball
1-0: Ball
2-0: Called Strike
2-1: Ball
3-1: SINGLE (Groundball, 25, EV 72.5 MPH) (infield hit)
George A Bell to second
Batting: RHB Juan Samuel 0-0: Called Strike
0-1: Ball
1-1: Foul Ball, location: 2F
1-2: Ball
2-2: Ball
3-2: Foul Ball, location: 2F
3-2: Base on Balls
George A Bell to third
Ernie Whitt to second
Batting: SHB Ron Roenicke 0-0: Fielders Choice at 2nd, 3-6 (Groundball, 3, EV 89.4 MPH)
George A Bell scores
Ernie Whitt to third
Batting: RHB Juan Rodriguez 0-0: Called Strike
0-1: Foul Ball, location: 2F
0-2: Grounds into double play, 6-4-3 (Groundball, 6, EV 92.5 MPH)
Bottom of the 3rd over - 1 run, 2 hits, 0 errors, 1 left on base; Boston 0 - Texas 1
TOP OF THE 4TH
Boston Red Sox batting - Pitching for Texas Rangers : RHP Pascual Perez
Batting: LHB Claudell Washington 0-0: Ball
1-0: Called Strike
1-1: Fly out, F8 (Line Drive, 8LD, EV 88.8 MPH)
Batting: LHB Willie Aikens 0-0: Swinging Strike
0-1: Ball
1-1: Swinging Strike
1-2: Fly out, F6 (Popup, 6M, EV 65.0 MPH)
Batting: RHB Jeff Burroughs 0-0: Ball
1-0: Fly out, F7 (Flyball, 78M, EV 78.8 MPH)
Top of the 4th over - 0 runs, 0 hits, 0 errors, 0 left on base; Boston 0 - Texas 1
BOTTOM OF THE 4TH
Texas Rangers batting - Pitching for Boston Red Sox : RHP Dick Ruthven
Batting: LHB Jody Helser 0-0: Ball
1-0: Foul Ball, location: 2F
1-1: Ball
2-1: Foul Ball, location: 2F
2-2: SINGLE (Groundball, 34S, EV 73.8 MPH) (infield hit)
Batting: RHB Steve Garvey 0-0: Called Strike
0-1: Fielders Choice at 2nd, 5-4 (Groundball, 56, EV 80.6 MPH)
Batting: RHB Steve Balboni 0-0: Called Strike
0-1: Called Strike
0-2: Ball
1-2: Fly out, F6 (Flyball, 56D, EV 86.9 MPH)
Batting: RHB Rich Dauer 0-0: Fly out, F7 (Flyball, 7D, EV 97.5 MPH)
Bottom of the 4th over - 0 runs, 1 hit, 0 errors, 1 left on base; Boston 0 - Texas 1
TOP OF THE 5TH
Boston Red Sox batting - Pitching for Texas Rangers : RHP Pascual Perez
Batting: LHB George Brett 0-0: Ball
1-0: Swinging Strike
1-1: Ball
2-1: Foul Ball, location: 2F
2-2: Foul Ball, location: 2F
2-2: SINGLE (Groundball, 56D, EV 95.0 MPH)
Batting: SHB Reggie Smith 0-0: Ball
1-0: Ball
2-0: Called Strike
2-1: Ball
3-1: Fly out, F9 (Flyball, 89D, EV 93.8 MPH)
Batting: RHB Richie Zisk 0-0: Reached on error, E8 (Line Drive, 8RD, EV 91.9 MPH)
George Brett to third
Batting: SHB Scotti Madison 0-0: Ball
1-0: Fly out, F9 (Line Drive, 9D, EV 91.9 MPH)
Runner from 3rd tags up, SCORES, no throw by RF
Richie Zisk to third
Batting: RHB Mark Grady 0-0: Called Strike
0-1: Ball
1-1: Fly out, F3 (Popup, 34, EV 67.5 MPH)
Top of the 5th over - 1 run, 1 hit, 1 error, 1 left on base; Boston 1 - Texas 1
BOTTOM OF THE 5TH
Texas Rangers batting - Pitching for Boston Red Sox : RHP Dick Ruthven
Batting: RHB George A Bell 0-0: Ball
1-0: Ball
2-0: Called Strike
2-1: Fly out, F8 (Flyball, 8LD, EV 90.6 MPH)
Batting: LHB Ernie Whitt 0-0: Foul Ball, location: 2F
0-1: Ball
1-1: Ball
2-1: Fly out, F8 (Flyball, 8LM, EV 91.9 MPH)
Batting: RHB Juan Samuel 0-0: Fly out, F8 (Flyball, 89D, EV 98.1 MPH)
Bottom of the 5th over - 0 runs, 0 hits, 0 errors, 0 left on base; Boston 1 - Texas 1
TOP OF THE 6TH
Boston Red Sox batting - Pitching for Texas Rangers : RHP Pascual Perez
Batting: RHB Kevin Klettke 0-0: Fly out, F8 (Line Drive, 8LD, EV 87.5 MPH)
Batting: LHB Claudell Washington 0-0: Ball
1-0: Called Strike
1-1: Fly out, F7 (Flyball, 7D, EV 91.9 MPH)
Batting: LHB Willie Aikens 0-0: Called Strike
0-1: Fly out, F8 (Flyball, 8LD, EV 95.0 MPH)
Top of the 6th over - 0 runs, 0 hits, 0 errors, 0 left on base; Boston 1 - Texas 1
BOTTOM OF THE 6TH
Texas Rangers batting - Pitching for Boston Red Sox : RHP Dick Ruthven
Batting: SHB Ron Roenicke 0-0: Foul Ball, location: 2F
0-1: Foul Ball, location: 2F
0-2: Ball
1-2: Foul Ball, location: 2F
1-2: Foul Ball, location: 2F
1-2: Ground out 4-3 (Groundball, 4, EV 83.1 MPH)
Batting: RHB Juan Rodriguez 0-0: Called Strike
0-1: Ball
1-1: Ground out 4-3 (Groundball, 34, EV 105.6 MPH)
Batting: LHB Jody Helser 0-0: Ball
1-0: Ground out 6-3 (Groundball, 6MD, EV 102.5 MPH)
Bottom of the 6th over - 0 runs, 0 hits, 0 errors, 0 left on base; Boston 1 - Texas 1
TOP OF THE 7TH
Boston Red Sox batting - Pitching for Texas Rangers : RHP Pascual Perez
Batting: RHB Jeff Burroughs 0-0: Ball
1-0: Ground out 1-3 (Groundball, 34S, EV 71.9 MPH)
Batting: LHB George Brett 0-0: Ball
1-0: SINGLE (Line Drive, 7LS, EV 107.5 MPH)
Batting: SHB Reggie Smith 0-0: SINGLE (Line Drive, 56D, EV 110.6 MPH)
George Brett to second
Pinch Runner at 2nd Albert Hall:
Batting: RHB Richie Zisk 0-0: Called Strike
0-1: Ball
1-1: Ball
Albert Hall steals 3rd base
2-1: Swinging Strike
2-2: Foul Ball, location: 2F
2-2: SINGLE (Line Drive, 6D, EV 94.4 MPH)
Albert Hall scores
Reggie Smith to second
Pinch Runner at 2nd Nelson Norman:
Batting: SHB Scotti Madison 0-0: Ball
1-0: Foul Ball, location: 2F
1-1: Fly out, F8 (Line Drive, 8RD, EV 85.6 MPH)
Batting: RHB Mark Grady 0-0: Called Strike
0-1: Foul Ball, location: 2F
0-2: Ground out 3-1 (Groundball, 23, EV 88.1 MPH)
Top of the 7th over - 1 run, 3 hits, 0 errors, 2 left on base; Boston 2 - Texas 1
BOTTOM OF THE 7TH
Texas Rangers batting - Pitching for Boston Red Sox : RHP Dick Ruthven
Now at 3B: Nelson Norman
Now in CF: Daryl Sconiers
Batting: RHB Steve Garvey 0-0: Ball
1-0: Ball
2-0: Foul Ball, location: 2F
2-1: Fly out, F8 (Line Drive, 8RD, EV 92.5 MPH)
Batting: RHB Steve Balboni 0-0: Ground out 1-3 (Groundball, P, EV 70.6 MPH)
Batting: RHB Rich Dauer 0-0: Swinging Strike
0-1: Fly out, F9 (Flyball, 89D, EV 93.8 MPH)
Bottom of the 7th over - 0 runs, 0 hits, 0 errors, 0 left on base; Boston 2 - Texas 1
TOP OF THE 8TH
Boston Red Sox batting - Pitching for Texas Rangers : RHP Pascual Perez
Batting: RHB Kevin Klettke 0-0: Called Strike
0-1: Ball
1-1: Ball
2-1: Foul Ball, location: 2F
2-2: Fly out, F9 (Flyball, 89D, EV 98.1 MPH)
Pitching: RHP Jorge Rivera
Batting: LHB Claudell Washington 0-0: Ball
1-0: Called Strike
1-1: Ball
2-1: Ball
3-1: Base on Balls
Batting: LHB Willie Aikens 0-0: Ball
1-0: Ball
2-0: SINGLE (Groundball, 25, EV 64.4 MPH) (infield hit)
Claudell Washington to second
Batting: RHB Jeff Burroughs 0-0: Ball
1-0: Ball
2-0: Ball
3-0: Base on Balls
Claudell Washington to third
Willie Aikens to second
Batting: LHB Daryl Sconiers 0-0: Ball
1-0: Called Strike
1-1: Ball
2-1: Foul Ball, location: 2F
2-2: SINGLE (Groundball, 56D, EV 77.5 MPH) (infield hit)
Claudell Washington scores
Willie Aikens to third
Jeff Burroughs to second
Batting: SHB Nelson Norman 0-0: Called Strike
0-1: Fly out, F8 (Line Drive, 8LM, EV 98.8 MPH)
Runner from 3rd tags up, SCORES, no throw by CF
Batting: RHB Richie Zisk 0-0: Ball
1-0: Foul Ball, location: 2F
1-1: Called Strike
1-2: Strikes out swinging
Top of the 8th over - 2 runs, 2 hits, 0 errors, 2 left on base; Boston 4 - Texas 1
BOTTOM OF THE 8TH
Texas Rangers batting - Pitching for Boston Red Sox : RHP Dick Ruthven
Batting: RHB George A Bell 0-0: Ball
1-0: Ground out 5-3 (Groundball, 56, EV 79.4 MPH)
Batting: LHB Ernie Whitt 0-0: Fly out, F7 (Flyball, 7LS, EV 79.4 MPH)
Batting: RHB Juan Samuel 0-0: Ball
1-0: Ground out 5-3 (Groundball, 56, EV 82.5 MPH)
Bottom of the 8th over - 0 runs, 0 hits, 0 errors, 0 left on base; Boston 4 - Texas 1
TOP OF THE 9TH
Boston Red Sox batting - Pitching for Texas Rangers : RHP Jorge Rivera
Batting: SHB Scotti Madison 0-0: Foul Ball, location: 2F
0-1: Ground out U3 (Groundball, 3L, EV 108.1 MPH)
Batting: RHB Mark Grady 0-0: Swinging Strike
0-1: SINGLE (Groundball, 4MD, EV 94.4 MPH)
Batting: RHB Kevin Klettke 0-0: Called Strike
0-1: Foul Ball, location: 2F
0-2: Ball
1-2: Hit by Pitch
Mark Grady to second
Batting: LHB Claudell Washington 0-0: Foul Ball, location: 2F
0-1: Called Strike
0-2: Strikes out swinging
Batting: LHB Willie Aikens 0-0: Ball
1-0: Foul Ball, location: 2F
1-1: Foul Ball, location: 2F
1-2: Strikes out swinging
Top of the 9th over - 0 runs, 1 hit, 0 errors, 2 left on base; Boston 4 - Texas 1
BOTTOM OF THE 9TH
Texas Rangers batting - Pitching for Boston Red Sox : RHP Dick Ruthven
Batting: SHB Ron Roenicke 0-0: Ball
Friday, July 24th, 2020 - OOTP Baseball 21.5 Build 71